AoeStats
← MataCochinos

Arabia

503482217Analyzed
1v1 RM · 1mo ago on Aug 31, 2026· 38m 3s· 2 players
Game mode
Random Map
Map size
Tiny (2 player)
Population
200
Speed
Normal
Resources
Standard
Victory
Conquest
Starting age
Dark Age
Ending age
Imperial Age
RankedLock teamsTeams togetherTeam positionsShared explorationLock speedFull tech treeHidden civsTurbo modeCheats
Victory
Defeat
🇩🇴 Mongols · Dominican Republic
2037
+6
🇲🇽 Japanese · Mexico
1786
-6
URU | KING RICO
6:56 Loom
9:19 Feudal Age
9:54 Double-Bit Axe
15:59 Fletching
18:05 Padded Archer Armor
20:11 Castle Age
18:12 Fishing Lines
18:39 Fletching
19:48 Horse Collar
20:38 Gold Mining
21:03 Bodkin Arrow
21:30 Bow Saw
22:58 Leather Archer Armor
23:48 Heavy Plow
24:37 Wheelbarrow
25:26 Town Watch
28:09 Ballistics
28:42 Hand Cart
28:56 Elite Skirmisher
29:42 Thumb Ring
32:45 Bloodlines
35:36 Imperial Age
34:46 Husbandry
36:18 Bracer
37:22 Chemistry
37:43 Parthian Tactics
38:50 Conscription
MataCochinos
6:37 Loom
9:23 Feudal Age
9:24 Man-at-Arms
10:19 Double-Bit Axe
15:33 Fletching
21:40 Castle Age
22:29 Scale Barding Armor
22:36 Bow Saw
24:51 Bodkin Arrow
24:59 Husbandry
25:14 Bloodlines
27:35 Wheelbarrow
27:51 Ballistics
30:35 Hand Cart
31:20 Town Watch
33:29 Gold Mining
38:04 Imperial Age
Connection lost

Rejoining the realm…

Still unreachable

The connection could not be restored.

Session expired

The server has moved on; the page needs a fresh start.